 Dungeon Crawl Stone Soup version 0.22.1-2-g9c5b331383 (webtiles) character file.

1509 Peloso the Carver (level 8, -8/71 HPs)
             Began as a Minotaur Fighter on Jan 1, 2019.
             Was a Follower of Okawaru.
             Mangled by Joseph
             ... wielding a +0 quarterstaff
              (21 damage)
             ... on level 6 of the Dungeon.
             The game lasted 00:12:16 (5615 turns).

Peloso the Carver (Minotaur Fighter)                Turns: 5615, Time: 00:12:16

Health: -8/71      AC:  4    Str: 23    XL:     8   Next: 53%
Magic:  7/7        EV: 11    Int:  5    God:    Okawaru [*.....]
Gold:   272        SH: 11    Dex: 10    Spells: 7/7 levels left

rFire    . . .     SeeInvis .   b - +9 short sword "Xom's Sleight of Hands" {flame, +Fly Stlth+}
rCold    . . .     Gourm    .   c - +1 shield
rNeg     . . .     Faith    .   (no armour)
rPois    .         Spirit   .   (helmet restricted)
rElec    .         Reflect  .   (no cloak)
rCorr    .         Harm     .   B - +0 pair of gloves
MR       +....                  r - +2 pair of boots
Stlth    ++........             (no amulet)
HPRegen  0.21/turn              n - ring of protection from magic
MPRegen  0.10/turn              (no ring)

@: no status effects
A: retaliatory headbutt, horns 2
a: Heroism, Renounce Religion, Evoke Flight


You were on level 6 of the Dungeon.
You worshipped Okawaru.
Okawaru was aware of your devotion.
You were not hungry.

You visited 2 branches of the dungeon, and saw 8 of its levels.
You also visited: Ossuary.

You collected 272 gold pieces.

Inventory:

Hand Weapons
 a - a +1 long sword
 b - the +9 short sword "Xom's Sleight of Hands" (weapon) {flame, +Fly Stlth+}
   (You found it on level 6 of the Dungeon)

   It has been specially enchanted to burn those struck by it, causing extra
   injury to most foes and up to half again as much damage against particularly
   susceptible opponents.
   It lets you fly.
   It makes you more stealthy.
Armour
 c - a +1 shield (worn)
 r - a +2 pair of boots (worn)
 B - a +0 pair of gloves (worn)
Jewellery
 i - an uncursed amulet of harm
 n - a ring of protection from magic (left hand)
Wands
 y - a wand of digging (15)
Scrolls
 d - a scroll of random uselessness {unknown}
 e - 2 scrolls of fear {unknown}
 h - a scroll of blinking
 k - 2 scrolls of enchant armour
 m - 9 scrolls of teleportation
 o - 9 scrolls of identify
 u - 2 scrolls of enchant weapon
 z - a scroll of fog {unknown}
Potions
 g - a potion of mutation {unknown}
 j - 2 potions of cancellation {unknown}
 l - 6 potions of curing {unknown}
 p - a potion of haste {unknown}
 q - a potion of agility {unknown}
 s - a potion of flight {unknown}
 t - 3 potions of lignification {unknown}
 v - a potion of heal wounds
 w - a potion of brilliance {unknown}
 x - a potion of degeneration {unknown}
 A - a potion of might
Comestibles
 f - 6 rations
 C - a chunk of flesh


   Skills:
 + Level 6.4 Fighting
 + Level 8.8 Long Blades
 + Level 6.0 Armour
 + Level 2.8 Dodging
 + Level 0.4 Stealth
 + Level 6.3 Shields
 + Level 0.1 Invocations


You had 7 spell levels left.
You didn't know any spells.
Your spell library was empty.

Dungeon Overview and Level Annotations

Branches:
Dungeon (7/15)             Temple (1/1) D:4

Altars:
Ashenzari
Cheibriados
Dithmenos
Elyvilon
Fedhas
Gozag
Hepliaklqana
Kikubaaqudgha
Makhleb
Nemelex Xobeh
Okawaru
Qazlal
Ru
Sif Muna
Trog
Uskayaw
Vehumet
Wu Jian
Xom
Yredelemnul
Zin
The Shining One

Annotations:
D:6 Joseph


Innate Abilities, Weirdness & Mutations

You reflexively headbutt those who attack you in melee.
You have a pair of horns on your head.


Message History

Joseph unwields an uncursed hunting sling.
Joseph wields an uncursed quarterstaff.
Joseph hits you with an uncursed quarterstaff!
You climb upwards.
There is a stone staircase leading down here.
Unknown command.
You closely miss Joseph. You headbutt Joseph.
Joseph is lightly wounded.
The adder bites you. You block the iguana's attack.
Unknown command.
You closely miss Joseph.
Joseph is lightly wounded.
The adder bites you but does no damage.
Joseph hits you with an uncursed quarterstaff!!
* * * LOW HITPOINT WARNING * * *
You block the iguana's attack. The adder bites you but does no damage.
You barely miss Joseph.
Joseph is lightly wounded.
Joseph hits you with an uncursed quarterstaff!!
You die...

############ ###### #...<......#
#..... ### #..........# #...>.
..######..........##########...).
...............S@..............()
##.............l.@##########.....
#######.......[[.# #.....
#.......[..# ###### ###
#####....######### #.#
#....))..........#
#.###.....[..........#
#...#................######
###.#.#......#..............#


You could see Joseph, an iguana and an adder.

Vanquished Creatures
  A sky beast (D:4)
  An ice beast (D:5)
  A phantom (D:4)
  2 ogres (D:5)
  3 bullfrogs
  A scorpion (D:4)
  3 centaur zombies (Ossuary)
  A crimson imp (D:5)
  2 hounds
  2 orc priests
  Jessica (D:3)
  3 iguanas
  3 orc wizards
  3 worker ants
  2 big kobold zombies (Ossuary)
  3 mummies (Ossuary)
  Robin (D:2)
  A howler monkey skeleton (D:6)
  3 gnolls (D:4)
  9 adders
  2 oozes
  2 dart slugs
  7 leopard geckos
  15 orcs
  2 ball pythons (D:4)
  7 giant cockroaches
  10 goblins
  9 hobgoblins
  2 jackals (D:1)
  9 kobolds
  2 bats (D:1)
  13 frilled lizards
  A goblin zombie (D:4)
  3 hobgoblin zombies (Ossuary)
  A jackal zombie (D:6)
  A quokka zombie (D:5)
  3 rats
  A rat zombie (D:4)
136 creatures vanquished.

Vanquished Creatures (others)
  A plant (D:4)
1 creature vanquished.

Grand Total: 137 creatures vanquished

Notes
Turn   | Place    | Note
-------+----------+-------------------------------------------
     0 | D:1      | Peloso the Minotaur Fighter began the quest for the Orb.
     0 | D:1      | Reached XP level 1. HP: 19/19 MP: 0/0
    49 | D:1      | Reached skill level 3 in Long Blades
    49 | D:1      | Reached XP level 2. HP: 19/27 MP: 1/1
   731 | D:2      | Reached XP level 3. HP: 30/33 MP: 2/2
   782 | D:2      | Noticed Robin
   797 | D:2      | Killed Robin
  1136 | D:2      | Reached XP level 4. HP: 40/40 MP: 3/3
  1156 | D:2      | Reached skill level 1 in Dodging
  1487 | D:2      | Reached skill level 4 in Long Blades
  1574 | D:3      | Found a sacrificial altar of Ru.
  1809 | D:3      | Noticed Jessica
  1816 | D:3      | Killed Jessica
  1816 | D:3      | Reached XP level 5. HP: 30/46 MP: 4/4
  2341 | D:4      | Noticed a phantom
  2365 | D:4      | Killed a phantom
  2365 | D:4      | Reached skill level 5 in Long Blades
  2374 | D:4      | Reached skill level 5 in Shields
  2374 | D:4      | Reached XP level 6. HP: 8/53 MP: 5/5
  2407 | D:4      | Found a sparkling altar of Nemelex Xobeh.
  2517 | D:4      | Found a sand-covered staircase.
  2533 | Ossuary  | Entered an ossuary
  2738 | Ossuary  | Reached skill level 6 in Long Blades
  3052 | D:4      | Found a staircase to the Ecumenical Temple.
  3063 | Temple   | Entered the Ecumenical Temple
  3162 | Temple   | Became a worshipper of Warmaster Okawaru
  3395 | D:4      | Reached skill level 5 in Fighting
  3395 | D:4      | Reached XP level 7. HP: 61/61 MP: 6/6
  3884 | D:4      | Reached skill level 5 in Armour
  4497 | D:5      | Entered Level 5 of the Dungeon
  4524 | D:5      | Reached skill level 7 in Long Blades
  4588 | D:4      | Reached * piety under Okawaru
  4638 | D:5      | Reached XP level 8. HP: 44/70 MP: 4/7
  4772 | D:5      | Found an iron altar of Okawaru.
  4956 | D:5      | Found a hazy altar of Hepliaklqana.
  5118 | D:6      | Got a pitted short sword
  5119 | D:6      | Identified the +9 short sword "Xom's Sleight of Hands"
                  | {flame, +Fly Stlth+} (You found it on level 6 of the
                  | Dungeon)
  5143 | D:6      | Reached skill level 8 in Long Blades
  5605 | D:7      | Noticed Joseph
  5615 | D:6      | Mangled by Joseph

Skill      XL: |  1  2  3  4  5  6  7  8 |
---------------+-------------------------+-----
Long Blades    | 3 4 5 6 7 8 |  8.8
Fighting       | 4 5 6 |  6.4
Shields        | 4 5 6 |  6.3
Armour         | 4 5 6 |  6.0
Dodging        | 1 2 |  2.8
Stealth        | |  0.4
Invocations    | |  0.1

Action                   |  1- 3 |  4- 6 |  7- 9 || total
-------------------------+-------+-------+-------++-------
Melee: Long sword        |    94 |   147 |   100 ||   341
       Headbutt          |    10 |    33 |    30 ||    73
       Short sword       |       |       |    31 ||    31
Invok: Heroism           |       |       |     1 ||     1
  Use: Scroll            |       |     6 |       ||     6
       Potion            |       |     2 |       ||     2
  Eat: Chunk             |       |     8 |     7 ||    15
Armor: Scale mail        |    41 |    53 |    31 ||   125
       Skin              |       |       |     5 ||     5
Dodge: Dodged            |    31 |    34 |    48 ||   113
Block: Shield            |    46 |    82 |    83 ||   211
       Rpst.: Long sword |    10 |     8 |    13 ||    31
